 Dungeon Crawl Stone Soup version 0.29-a0-322-g68df515428 (webtiles) character file.

Game seed: 3865388307854469695

1 OrbIsHorse the Digger (level 1, 0/14 HPs)
             Began as a Ghoul Earth Elementalist on Apr 8, 2022.
             Slain by a bat (1 damage)
             ... on level 1 of the Dungeon.
             The game lasted 00:03:52 (49 turns).

OrbIsHorse the Digger (Ghoul Earth Elementalist)      Turns: 49, Time: 00:03:52

Health: 0/14       AC:  2    Str: 11    XL:     1   Next: 20%
Magic:  2/2        EV: 12    Int: 10    God:
Gold:   0          SH:  0    Dex:  9    Spells: 2/3 levels left

rFire   . . .      SeeInvis .   (no weapon)
rCold   + . .      Faith    .   (no shield)
rNeg    + + +      Spirit   .   b - +0 robe
rPois   ∞          Reflect  .   (no helmet)
rElec   .          Harm     .   (no cloak)
rCorr   .          Rampage  .   (no gloves)
Will    .....                   (no boots)
Stlth   ++........              (no amulet)
HPRegen 0.00/turn               (no ring)
MPRegen 0.08/turn               (no ring)

@: inhibited regen
A: claws 1, cold resistance 1, negative energy resistance 3, inhibited
regeneration, torment resistance 2, devour on kill
a: no special abilities


You were on level 1 of the Dungeon.
You visited 1 branch of the dungeon, and saw 1 of its levels.

Inventory:

Missiles
 a - 30 stones
Armour
 b - a +0 robe (worn)
Potions
 c - a potion of magic


   Skills:
 + Level 1.9 Dodging
 + Level 2.1 Stealth
 + Level 1.7 Spellcasting
 + Level 0.8 Transmutations
 + Level 3.2 Earth Magic


You had 2 spell levels left.
You knew the following spells:

 Your Spells              Type           Power      Damage    Failure   Level
a - Sandblast             Erth           14%        2d6       9%          1

Your spell library contained the following spells:

 Spells                   Type           Power      Damage    Failure   Level
 Passwall                 Tmut/Erth      4%         N/A       21%         2
 Stone Arrow              Conj/Erth      8%         3d7       43%         3
 Petrify                  Tmut/Erth      5%         N/A       80%         4


Dungeon Overview and Level Annotations

Branches:
Dungeon (1/15)

Altars:


Innate Abilities, Weirdness & Mutations

You are immune to poison.
You have sharp fingernails.
Your flesh is cold resistant. (rC+)
You are immune to negative energy. (rN+++)
You do not regenerate when monsters are visible.
You are immune to unholy pain and torment.
You thrive by killing the living.


Message History

The giant cockroach bites you but does no damage.
The hobgoblin hits you but does no damage.
You scratch the giant cockroach.
The giant cockroach is almost dead.
The giant cockroach closely misses you. The hobgoblin closely misses you.
You scratch the giant cockroach.
You kill the giant cockroach!
The hobgoblin hits you.
You scratch the hobgoblin.
The hobgoblin is almost dead.
The hobgoblin hits you but does no damage.
You are too injured to fight recklessly!
The hobgoblin hits you.
* * * LOW HITPOINT WARNING * * *
You are too injured to fight recklessly!
Your magic is already full.
You barely miss the hobgoblin.
The hobgoblin is almost dead.
The bat hits you but does no damage. The bat closely misses you.
The hobgoblin closely misses you.
You are too injured to fight recklessly!
You are too injured to fight recklessly!
The bat attacks as you move away! The bat barely misses you.
The bat closely misses you. The hobgoblin barely misses you.
The bat barely misses you. The bat attacks as you move away!
The bat completely misses you. The bat hits you but does no damage.
The hobgoblin closely misses you. The bat hits you.
* * * LOW HITPOINT WARNING * * *
There is an open door here.
The hobgoblin attacks as you move away!
The hobgoblin hits you but does no damage.
The bat completely misses you. The bat hits you but does no damage.
The bat barely misses you. The bat misses you.
Your magic is already full.
The bat hits you but does no damage. The bat completely misses you.
The bat hits you.
You die...

#. ########## #. #.
+....♣P#P## #.##.#
#≈≈≈..♣P#.♣ ##.....##
##≈8....<♣
........###≈≈≈@b♣P#.♣
........#.'..g.♣P#P##
..........##########
.........#....#
.........#.##.#
.........#.##
........?...#
........##..#
......... ..#


You could see a hobgoblin and a bat.

Vanquished Creatures
  A giant cockroach (D:1)
1 creature vanquished.

Notes
Turn   | Place    | Note
-------+----------+-------------------------------------------
     0 | D:1      | OrbIsHorse the Ghoul Earth Elementalist began the quest for
                  | the Orb.
     0 | D:1      | Reached XP level 1. HP: 14/14 MP: 2/2
    49 | D:1      | Slain by a bat

Illustrated notes

Levels and vault maps discovered:
D:1:      tarquinn_simple_flora_water_d, layout_basic,
          shapermc_ecumenical_altar_venn, minmay_pentomino_x4

Action                   || total
-------------------------++-------
Melee: Unarmed           ||     6
Armor: Robe              ||     8
Dodge: Dodged            ||    16

Table legend: (Time is in decaauts)
 A = Elapsed time spent in this place.
 B = Non-inter-level travel time spent in this place.
 C = Inter-level travel time spent in this place.
 D = Time resting spent in this place.
 E = Time spent auto-exploring this place.
 F = Levels seen in this place.
 G = Mean time per level.
                   A        B        C        D        E       F      G
               +--------+--------+--------+--------+--------+-----+--------+
         Total |     49 |     31 |     18 |      0 |      0 |   1 |   49.0 |
       Dungeon |     49 |     31 |     18 |      0 |      0 |   1 |   49.0 |
               +--------+--------+--------+--------+--------+-----+--------+

Top non-repeatable levels by time:
     D:1: 49 daAuts
